Map: Hardwire LE

Players

AGOElazer (Elazer)

  • Race: Zerg Zerg
  • League: Master

ShoWTimE - Winner!

  • Race: Protoss Protoss
  • League: Grandmaster

Event: TSL 8

VOD

Have the link to the VOD?

Description

Time

  • Played on: Dec. 4, 2021, 7:41 a.m.
  • Length: 16:20

All games in this series

Show
View Real Time Build Order
Export as new Build Order

AGOElazer Zerg 

Build Orders: Hatch First 

Get SALT Encoding   

  12  0:00  Drone  
  13  0:12  Overlord  
  13  0:17  Drone  
  14  0:30  Drone x2  
  16  0:48  Hatchery  
  15  0:51  Drone  
  15  0:55  Drone  
  17  0:58  Drone  
  18  1:09  Extractor  
  17  1:13  Spawning Pool  
  17  1:17  Drone  
  17  1:21  Drone  
  18  1:30  Drone  
  19  1:39  Drone  
  20  1:49  Hatchery  
  20  1:50  Drone  
  20  2:01  Queen  
  22  2:04  Drone  
  22  2:07  Drone  
  24  2:11  Drone  
  24  2:15  Overlord  
  25  2:23  Queen  
  25  2:27  Drone  
  28  2:33  Zergling x4  
  28  2:35  Drone  
  31  2:40  Queen  
  33  2:44  Drone x2  
  35  2:54  Metabolic Boost, Zergling x2  
  36  3:00  Queen  
  36  3:02  Zergling x2  
  36  3:04  Overlord  
  39  3:10  Drone x2  
  41  3:13  Drone  
  42  3:22  Queen  
  42  3:24  Overlord  
  44  3:27  Drone x3  
  44  3:30  Drone  
  44  3:32  Drone  
  44  3:33  Drone  
  50  3:35  Spore Crawler  
  50  3:38  Zergling x2  
  50  3:46  Overlord  
  50  3:49  Drone x5  
  50  3:55  Overlord  
  55  3:56  Drone x2  
  55  4:00  Drone  
  58  4:03  Drone  
  58  4:06  Queen  
  60  4:10  Drone x4  
  60  4:16  Drone x3  
  67  4:19  Drone  
  68  4:26  Zergling x4, Spore Crawler x2  
  68  4:27  Overlord  
  68  4:32  Extractor  
  68  4:33  Extractor, Roach Warren  
  68  4:38  Drone x4  
  65  4:40  Drone  
  65  4:43  Drone x2  
  66  4:49  Drone x4  
  66  4:50  Drone  
  66  4:52  Drone  
  71  4:56  Drone  
  71  4:57  Drone  
  71  4:58  Drone  
  74  5:00  Drone  
  74  5:05  Drone  
  76  5:09  Overlord  
  76  5:11  Drone  
  76  5:15  Drone  
  77  5:21  Lair  
  77  5:22  Evolution Chamber  
  77  5:23  Drone x2  
  77  5:24  Drone x3  
  81  5:29  Drone x4, Hatchery  
  81  5:30  Drone  
  81  5:34  Drone x3  
  88  5:37  Extractor  
  88  5:38  Overlord  
  88  5:39  Extractor  
  88  5:41  Zergling x2  
  88  5:42  Extractor  
  86  5:43  Zergling x2  
  86  5:44  Zergling x2  
  86  5:46  Queen  
  86  5:49  Zerg Missile Weapons Level 1  
  90  5:51  Overlord  
  90  5:58  Overlord  
  90  6:05  Drone x8  
  90  6:10  Drone x3  
  98  6:17  Overlord  
  98  6:20  Drone x2  
  98  6:21  Drone  
  98  6:25  Drone x5  
  106  6:27  Infestation Pit  
  106  6:29  Spire  
  106  6:30  Overlord  
  103  6:33  Overlord  
  103  6:34  Overseer  
  103  6:37  Roach x3  
  103  6:38  Roach  
  111  6:46  Overlord  
  104  6:50  Roach x4  
  110  6:55  Roach  
  110  6:56  Roach x7  
  125  7:05  Glial Reconstitution  
  125  7:06  Overlord  
  125  7:12  Roach x6, Baneling Nest  
  136  7:20  Overlord  
  136  7:21  Roach x6  
  148  7:24  Roach x2  
  148  7:27  Ravager x3  
  148  7:28  Ravager  
  157  7:30  Ravager x2  
  157  7:31  Overlord  
  157  7:35  Overlord  
  155  7:41  Zergling x8  
  159  7:48  Overlord  
  159  7:49  Roach  
  159  7:50  Roach x7  
  162  8:00  Roach  
  162  8:02  Overlord  
  162  8:03  Overlord x2  
  154  8:10  Roach x2  
  155  8:18  Roach x3  
  156  8:23  Overseer, Hatchery  
  151  8:28  Roach x5  
  151  8:31  Ravager x2  
  151  8:32  Ravager x2  
  162  8:41  Roach x2  
  136  8:51  Roach x2  
  124  9:15  Drone x5  
  126  9:24  Drone  
  126  9:28  Drone  
  125  9:54  Hatchery  
  125  9:58  Overseer  
  124  10:08  Drone x3  
  124  10:09  Drone, Centrifugal Hooks  
  124  10:11  Ravager  
  129  10:21  Ravager, Zergling x4  
  130  10:22  Zergling x20  
  142  10:35  Drone x5  
  147  10:47  Spire  
  146  10:58  Drone x8  
  146  10:59  Zerg Missile Weapons Level 2  
  154  11:08  Drone x4  
  159  11:19  Drone x3  
  162  11:26  Overlord  
  162  11:27  Overlord x3  
  162  11:29  Hive  
  162  11:50  Drone x3  
  162  11:51  Hatchery  
  162  11:52  Drone  
  162  11:53  Drone x2  
  162  11:54  Drone x2  
  168  12:00  Zergling x16  
  176  12:03  Drone  
  176  12:05  Spire  
  176  12:13  Baneling x8  
  176  12:14  Baneling x6  
  176  12:16  Overlord x3  
  176  12:20  Baneling x16  
  176  12:34  Zergling x2  
  176  12:35  Zergling x24  
  189  12:45  Baneling x10  
  189  12:49  Overlord  
  189  12:50  Zergling x6, Evolution Chamber  
  189  12:51  Zergling x2  
  192  12:55  Baneling x11  
  190  13:01  Zergling x6  
  190  13:11  Drone, Viper  
  193  13:14  Zergling x12  
  196  13:29  Spine Crawler  
  196  13:31  Extractor  
  196  13:32  Extractor x2  
  192  13:38  Drone x4  
  192  13:39  Drone x2  
  192  13:40  Drone x4  
  199  13:47  Greater Spire  
  176  14:05  Zergling x2  
  176  14:06  Zergling x28  
  173  14:18  Roach x8  
  173  14:22  Zergling x8  
  179  14:40  Ravager  
  179  14:41  Ravager x2  
  179  14:42  Hatchery  
  176  14:45  Zergling x12  
  176  14:46  Zergling x8  
  183  14:53  Hatchery  
  183  14:56  Baneling x23  
  182  15:03  Zergling x6  
  176  15:17  Roach x5  
  183  15:48  Zergling x2  
  156  15:54  Roach x13  
Show
View Real Time Build Order
Export as new Build Order

ShoWTimE Protoss - Winner!

Build Orders: 1 Gate Expand, Oracle Opening, Zealot Archon 

Get SALT Encoding   

  12  0:00  Probe  
  13  0:12  Probe  
  14  0:18  Pylon  
  14  0:24  Probe (Chrono Boost)  
  15  0:36  Probe (Chrono Boost)  
  15  0:38  Gateway  
  16  0:45  Probe (Chrono Boost)  
  16  0:46  Assimilator  
  17  0:51  Probe  
  18  1:03  Probe  
  19  1:15  Probe  
  20  1:23  Nexus  
  20  1:32  Cybernetics Core  
  20  1:35  Probe  
  21  1:41  Assimilator  
  21  1:47  Probe  
  21  1:50  Pylon  
  22  1:59  Probe  
  23  2:05  Adept (Chrono Boost)  
  23  2:11  Probe  
  26  2:20  Stargate  
  26  2:23  Probe  
  26  2:26  Adept (Chrono Boost)  
  29  2:33  Warp Gate  
  29  2:35  Probe (Chrono Boost)  
  31  2:41  Probe (Chrono Boost)  
  32  2:44  Probe (Chrono Boost)  
  32  2:48  Adept, Probe (Chrono Boost)  
  32  2:49  Probe (Chrono Boost)  
  36  2:59  Pylon  
  36  3:00  Probe  
  36  3:01  Probe  
  36  3:02  Oracle (Chrono Boost)  
  41  3:12  Probe  
  42  3:13  Probe  
  42  3:18  Adept  
  45  3:24  Probe  
  45  3:25  Probe  
  47  3:34  Oracle (Chrono Boost)  
  47  3:36  Probe  
  47  3:38  Probe  
  52  3:41  Pylon  
  52  3:48  Nexus  
  52  3:54  Probe  
  52  3:55  Gateway  
  53  3:56  Probe  
  54  4:04  Oracle (Chrono Boost)  
  54  4:06  Probe  
  54  4:08  Pylon  
  54  4:09  Probe  
  59  4:14  Assimilator  
  59  4:16  Assimilator  
  59  4:18  Probe  
  59  4:21  Probe  
  61  4:30  Adept, Probe  
  64  4:33  Probe, Pylon  
  65  4:40  Oracle (Chrono Boost)  
  65  4:42  Probe  
  65  4:45  Probe  
  67  4:55  Probe, Forge, Pylon  
  67  4:56  Gateway  
  67  4:57  Probe  
  69  5:01  Robotics Facility  
  69  5:02  Probe  
  71  5:07  Probe (Chrono Boost)  
  71  5:09  Probe (Chrono Boost)  
  71  5:10  Shield Battery  
  73  5:14  Probe (Chrono Boost)  
  73  5:17  Sentry x2  
  79  5:21  Probe (Chrono Boost)  
  79  5:25  Probe x2 (Chrono Boost)  
  80  5:28  Probe (Chrono Boost)  
  80  5:30  Probe (Chrono Boost), Protoss Ground Weapons Level 1, Pylon  
  80  5:31  Probe (Chrono Boost)  
  80  5:32  Twilight Council  
  83  5:35  Probe  
  83  5:37  Assimilator  
  83  5:40  Probe  
  83  5:41  Assimilator  
  85  5:43  Probe  
  85  5:47  Probe  
  87  5:52  Gateway, Probe  
  87  5:54  Gateway  
  87  5:55  Gateway, Probe  
  89  5:59  Gateway, Phoenix x2  
  89  6:00  Probe  
  90  6:04  Probe  
  90  6:07  Probe  
  90  6:12  Gateway, Charge (Chrono Boost)  
  90  6:18  Zealot x3, Templar Archives  
  96  6:20  Gateway  
  96  6:22  Observer (Chrono Boost)  
  96  6:24  Gateway  
  97  6:32  Photon Cannon x2  
  97  6:33  Photon Cannon  
  97  6:35  Pylon  
  97  6:37  Warp Prism  
  99  6:43  Pylon  
  99  6:47  Zealot x2  
  99  6:48  Zealot  
  99  6:53  Pylon x2  
  105  7:01  Nexus  
  105  7:04  Phoenix, Pylon  
  105  7:06  High Templar x2  
  111  7:11  Archon  
  111  7:12  Photon Cannon, High Templar x3  
  111  7:13  High Templar  
  119  7:17  Archon  
  119  7:18  Immortal (Chrono Boost), Archon  
  119  7:19  Shield Battery  
  123  7:26  Photon Cannon  
  123  7:29  Phoenix  
  125  7:30  Probe  
  125  7:31  Probe x2  
  128  7:39  Protoss Ground Weapons Level 2 (Chrono Boost)  
  128  7:40  Zealot x4  
  128  7:42  Probe  
  137  7:53  Zealot x2  
  137  7:54  Zealot x3  
  139  8:00  Shield Battery  
  139  8:02  Shield Battery  
  139  8:05  Photon Cannon  
  139  8:07  Immortal (Chrono Boost)  
  139  8:08  Shield Battery  
  121  8:20  Dark Shrine  
  121  8:25  Stalker x4, Sentry x2  
  113  8:39  Zealot x3  
  115  8:47  Immortal  
  95  9:06  Zealot x6  
  93  9:23  Warp Prism (Chrono Boost)  
  95  9:33  Nexus  
  95  9:38  Pylon  
  95  9:40  Probe  
  95  9:43  Probe  
  97  10:02  Probe x2  
  97  10:05  High Templar x5  
  109  10:08  Pylon  
  109  10:09  Archon x2  
  109  10:12  Pylon  
  109  10:14  Probe  
  109  10:19  Pylon  
  110  10:22  Pylon  
  110  10:26  Probe  
  111  10:30  Pylon  
  111  10:33  Probe  
  111  10:34  Robotics Bay  
  112  10:36  High Templar  
  112  10:38  Probe  
  112  10:41  Archon  
  115  10:50  Dark Templar  
  115  10:52  Probe x2 (Chrono Boost)  
  115  10:55  Probe (Chrono Boost)  
  118  11:01  Phoenix  
  118  11:03  Probe x2 (Chrono Boost)  
  118  11:04  Protoss Ground Weapons Level 3  
  123  11:05  Probe (Chrono Boost)  
  123  11:08  Assimilator, Probe x2 (Chrono Boost)  
  123  11:10  Probe (Chrono Boost)  
  125  11:18  Probe x2, Disruptor (Chrono Boost)  
  128  11:22  Probe  
  132  11:31  Pylon  
  132  11:35  Nexus  
  132  11:39  Pylon  
  132  11:42  Photon Cannon  
  132  11:50  Disruptor (Chrono Boost)  
  135  11:55  Probe x2  
  135  11:56  Probe  
  138  12:03  Photon Cannon  
  138  12:04  Photon Cannon  
  138  12:06  Shield Battery  
  138  12:09  Stalker  
  138  12:12  High Templar x4  
  148  12:16  Archon x2, Disruptor (Chrono Boost)  
  148  12:21  Probe x3  
  154  12:25  Pylon  
  152  12:32  Assimilator  
  152  12:33  Probe x2  
  152  12:34  Assimilator, Probe  
  158  12:45  Probe  
  158  12:48  Immortal (Chrono Boost), Photon Cannon  
  158  12:49  Shield Battery  
  158  12:50  Zealot x4  
  168  12:58  Probe x3  
  166  12:59  Probe  
  157  13:10  Probe x3  
  157  13:11  Probe  
  160  13:16  High Templar x6  
  172  13:20  Archon x3  
  172  13:21  Psionic Storm  
  172  13:22  Probe x3  
  172  13:23  Probe  
  176  13:46  High Templar  
  178  13:50  Zealot x3  
  178  13:51  Zealot x2, Pylon  
  180  14:04  Disruptor  
  173  14:20  Nexus  
  163  14:26  High Templar x2  
  163  14:27  High Templar  
  163  14:31  Fleet Beacon, Pylon  
  151  14:40  Immortal  
  151  14:43  Archon x2  
  151  14:45  Stalker x3  
  161  14:51  Zealot  
  163  15:02  Photon Cannon  
  163  15:06  High Templar x2  
  160  15:21  Stalker x5  
  164  15:26  Assimilator  
  168  15:48  Archon  
  160  15:50  Zealot x7  
Tags
 
Add a new tag
Caveats
  • Supply blocks, unpowered buildings, or Contaminate may cause inaccurate times.
  • Supply counts are checked every 10 seconds.